 Dungeon Crawl Stone Soup version 0.31-a0-667-g39726597b9 (webtiles) character file.

Game seed: 10665264572487895619

13 Bravepunisher the Ducker (level 2, -10/16 HPs)
             Began as a Spriggan Monk on Sept 3, 2023.
             Was a Believer of Makhleb.
             Mangled by an ogre
             ... wielding a +0 giant spiked club
              (23 damage)
             ... on level 6 of the Dungeon.
             The game lasted 00:07:28 (1062 turns).

Bravepunisher the Ducker (Spriggan Monk)            Turns: 1062, Time: 00:07:29

Health: -10/16     AC:  2    Str:  7    XL:     2   Next: 24%
Magic:  3/3        EV: 34    Int: 11    God:    Makhleb [**....]
Gold:   143        SH:  0    Dex: 17    Spells: 1/1 levels left

rFire   . . .        a - +1 short sword
rCold   . . .        d - orb {light}
rNeg    . . .        b - +0 robe
rPois   .            (helmet restricted)
rElec   .            (no cloak)
rCorr   .            (gloves unavailable)
SInv    +            (boots unavailable)
Will    .....        g - amulet of the acrobat
Stlth   +            (no ring)
HPRegen 0.22/turn    (no ring)
MPRegen 0.08/turn

%: acrobat
@: acrobatic, glowing, very quick
A: very small, no large weapons, unfitting armour, see invisible, speed 3
a: Renounce Religion, Minor Destruction


You were on level 6 of the Dungeon.
You worshipped Makhleb.
Makhleb was pleased with you.
You visited 2 branches of the dungeon, and saw 9 of its levels.

You collected 143 gold pieces.

Inventory:

Hand Weapons
 a - a +1 short sword (weapon)
Armour
 b - a +0 robe (worn)
 d - an orb of light (worn)
Jewellery
 g - an amulet of the acrobat (around neck)
Wands
 j - a wand of charming (9)
Scrolls
 h - a scroll of poison {unknown}
 i - a scroll of enchant weapon
 k - a scroll of teleportation
 l - a scroll of identify {unknown}
 m - a scroll of vulnerability {unknown}
Potions
 c - a potion of ambrosia
 e - 2 potions of curing {unknown}
 f - a potion of heal wounds {unknown}


   Skills:
 + Level 2.6 Fighting
 - Level 3.2 Short Blades
 * Level 4.7 Dodging
 + Level 0.0 Invocations


You had one spell level left.
You didn't know any spells.
Your spell library contained the following spells:

 Spells                   Type           Power      Damage    Failure   Level
 Apportation              Tloc           0%         N/A       34%         1
 Necrotise                Necr           0%         1d4       34%         1
 Summon Small Mammal      Summ           0%         N/A       34%         1
 Call Canine Familiar     Summ           0%         N/A       71%         3
 Summon Guardian Golem    Hex/Summ       0%         N/A       71%         3


Dungeon Overview and Level Annotations

Branches:
Dungeon (8/15)             Temple (1/1) D:6
   Lair: D:8-11

Altars:
Ashenzari
Cheibriados
Dithmenos
Elyvilon
Fedhas
Gozag
Hepliaklqana
Kikubaaqudgha
Makhleb
Qazlal
Sif Muna
Uskayaw
Wu Jian
Xom
Yredelemnul
Zin

Shops:
D:5 *

Annotations:
D:8 Pikel
Temple 2 transporters


Innate Abilities, Weirdness & Mutations

You are very small and have problems with some larger weapons.
You are too small for most types of armour.
You have supernaturally acute eyesight. (SInv)
You cover ground extremely quickly. (Speed+++)


Message History

You climb downwards.
Welcome to the Ecumenical Temple!
Found five altars.
Found a staircase back to the Dungeon.
Found two transporters.
There is a staircase back to the Dungeon here.
Found a hide-covered altar of Uskayaw.
Found two transporters.
Found a broken altar of Ashenzari and a white marble altar of Elyvilon.
Found a burning altar of Makhleb and a shadowy altar of Dithmenos.
There is a transporter landing site here.
There is a transporter here.
You enter the transporter and appear at another place.
Found an ornate altar of the Wu Jian Council.
There is a broken altar of Ashenzari here.
There is a burning altar of Makhleb here.
You kneel at the altar of Makhleb.
Makhleb welcomes you!
You can now gain health from killing.
You can now harness Makhleb's destructive might.
There is a broken altar of Ashenzari here.
There is a transporter landing site here.
Aiming: Minor Destruction (24% risk of failure)
Press: ? - help, Shift-Dir - straight line, f - you
Okay, then.
Unknown command.
Okay, then.
Okay, then.
Okay, then.
Okay, then.
There is a transporter here.
You enter the transporter and appear at another place.
There is a staircase back to the Dungeon here.
You climb upwards.
Welcome back to the Dungeon!
The scorpion barely misses you. The scorpion misses you.
There is a staircase to the Ecumenical Temple here.
The scorpion completely misses you. The scorpion attacks as it pursues you!
The scorpion stings you.
You open the door.
There is an open door here.
The ogre hits you with a +0 giant spiked club!!
Ouch! That really hurt!
You die...

..###..##.......##....# ..##
....#...#.......#.....# ....#
....#...#.......'...#.#
#....#
##o######...?...#....###....#
.#o##..#.....###..#...#...#
.'.O...#.......o...#.....#
.#.....#.....#..#####.>.##
.#.....#.....#.O...#.....#
.#.....#.....#..@.#..o#...#
.#.....+....J#.s.....###....#
.###O.## ##'##..#.# #...# ##
..# #J###...# .'## ..#
#...J...# ..' #.............#
#............ #.......#....
#.......#....


You could see an ogre, a scorpion, a jelly and an orc priest.

Vanquished Creatures
  2 orcs
  A bat (D:2)
  2 endoplasms (D:2)
  A giant cockroach (D:3)
  A hobgoblin (D:4)
  3 rats (D:2)
10 creatures vanquished.

Notes
Turn   | Place    | Note
-------+----------+-------------------------------------------
     0 | D:1      | Bravepunisher the Spriggan Monk began the quest for the
                  | Orb.
     0 | D:1      | Reached XP level 1. HP: 11/11 MP: 2/2
    68 | D:2      | Found a faded altar of an unknown god.
   279 | D:4      | Noticed a scorpion
   279 | D:4      | Noticed a hound
   317 | D:5      | Entered Level 5 of the Dungeon
   340 | D:5      | Found Qena's Neck Hole.
   377 | D:5      | Noticed an ice beast
   377 | D:5      | You fall into a shaft and drop 3 floors!
   389 | D:8      | Found a basalt altar of Yredelemnul.
   389 | D:8      | Found a snail-covered altar of Cheibriados.
   432 | D:8      | Noticed a howler monkey
   432 | D:8      | Noticed a howler monkey
   435 | D:8      | Noticed a kobold brigand
   466 | D:8      | Noticed a lemure
   467 | D:8      | Noticed a lemure
   467 | D:8      | Noticed a lemure
   469 | D:8      | Noticed Pikel
   469 | D:8      | Noticed a lemure
   471 | D:8      | Noticed a steam dragon
   498 | D:7      | Identified the +3 leather armour "Usotzil" {*Corrode rElec
                  | Will+}
   512 | D:7      | Noticed a water moccasin
   544 | D:6      | Found a hazy altar of Hepliaklqana.
   547 | D:6      | Found an ancient bone altar of Kikubaaqudgha.
   591 | D:5      | Reached XP level 2. HP: 14/16 MP: 3/3
   625 | D:5      | Found a shimmering altar of Xom.
   934 | D:6      | Noticed a scorpion
   940 | D:6      | Noticed a steam dragon
   957 | D:6      | Noticed an orc warrior
   981 | D:6      | Noticed an ogre
   983 | D:6      | Noticed an ogre
  1006 | D:6      | Found a staircase to the Ecumenical Temple.
  1011 | D:6      | Noticed a scorpion
  1014 | Temple   | Found a transporter.
  1014 | Temple   | Found a transporter.
  1014 | Temple   | Found a transporter.
  1014 | Temple   | Found a transporter.
  1014 | Temple   | Entered the Ecumenical Temple
  1030 | Temple   | Became a worshipper of Makhleb the Destroyer
  1030 | Temple   | Reached * piety under Makhleb
  1030 | Temple   | Reached ** piety under Makhleb
  1062 | D:6      | Mangled by an ogre

Illustrated notes

Levels and vault maps discovered:
D:1:      eino_arrival_water_cross, layout_rooms
D:2:      layout_basic, nicolae_ecumenical_oubliette, basic_altar,
          minmay_rat_gold_closets
D:3:      layout_loops_ring, tgw_trog
D:4:      layout_rooms, mainiacjoe_overflow_large_starburst, enter_ossuary_5
D:5:      layout_cave_pools, xom_teletrap_fun, gammafunk_ghost_cemetery,
          nicolae_shop_sticking_my_neck_out
D:6:      layout_gridville, lemuel_round_altar, nicolae_overflow_squiral,
          minmay_temple_entry_arrows
D:7:      layout_loops_cross, corexii_corridor_pit, nicolae_have_a_lightning_rod
D:8:      layout_basic, amethyst_overflow_temple_binary, uniq_pikel,
          uniq_prince_ribbit1
Temple:   hellmonk_temple_divided_pantheon

Action                     || total
---------------------------++-------
  Melee: Short sword       ||    41
  Evoke: Wand              ||     1
    Use: Scroll            ||     3
 Armour: Robe              ||    11
  Dodge: Dodged            ||    61

Table legend: (Time is in decaauts)
 A = Elapsed time spent in this place.
 B = Non-inter-level travel time spent in this place.
 C = Inter-level travel time spent in this place.
 D = Time resting spent in this place.
 E = Time spent auto-exploring this place.
 F = Levels seen in this place.
 G = Mean time per level.
                   A        B        C        D        E       F      G
               +--------+--------+--------+--------+--------+-----+--------+
         Total |    690 |    681 |      9 |      0 |    213 |   9 |   76.7 |
       Dungeon |    668 |    659 |      9 |      0 |    213 |   8 |   83.5 |
        Temple |     21 |     21 |      0 |      0 |      0 |   1 |   21.0 |
               +--------+--------+--------+--------+--------+-----+--------+

Top non-repeatable levels by time:
     D:4: 146 daAuts
     D:5: 135 daAuts
     D:2: 120 daAuts
     D:6: 107 daAuts
     D:8: 59 daAuts
     D:1: 42 daAuts
     D:3: 31 daAuts
     D:7: 26 daAuts
  Temple: 21 daAuts
